 Dungeon Crawl Stone Soup version 0.20.1-1-g8b1a95d (webtiles) character file.

415 Ymberti the Magician (level 6, -1/34 HPs)
             Began as a Deep Elf Fire Elementalist on Sept 15, 2017.
             Slain by a centaur skeleton (3 damage)
             ... on level 4 of the Dungeon.
             The game lasted 00:24:50 (3489 turns).

Ymberti the Magician (Deep Elf Fire Elementalist)   Turns: 3489, Time: 00:24:51

Health: -1/34      AC:  2    Str:  5    XL:     6   Next: 60%
Magic:  3/15       EV: 14    Int: 22    God:
Gold:   76         SH:  0    Dex: 15    Spells: 6/15 levels left

rFire    . . .     SeeInvis .   d - +1 rapier
rCold    + . .     Gourm    .   (no shield)
rNeg     . . .     Faith    .   k - +0 robe
rPois    .         Spirit   .   (no helmet)
rElec    .         Reflect  .   (no cloak)
rCorr    .         Harm     .   (no gloves)
MR       .....                  (no boots)
Stlth    ++........             (no amulet)
Regen    0.2/turn               e - ring of protection from cold
MPRegen  0.2/turn               (no ring)

@: about to teleport, very slightly contaminated
A: no striking features
a: no special abilities


You were on level 4 of the Dungeon.
You were not hungry.

You visited 1 branch of the dungeon, and saw 4 of its levels.
You also visited: Ossuary.

You collected 76 gold pieces.

Inventory:

Hand Weapons
 d - a +1 rapier (weapon)
Armour
 k - a +0 robe (worn)
Jewellery
 e - a ring of protection from cold (left hand)
Scrolls
 h - 3 scrolls of teleportation
 i - a scroll of identify
 j - 2 scrolls of enchant weapon
 o - a scroll of enchant armour {unknown}
 s - a scroll of magic mapping {unknown}
Potions
 a - a potion of berserk rage {unknown}
 g - a potion of curing
 l - a potion of haste
 n - 2 potions of heal wounds
 p - a potion of agility {unknown}
 q - a potion of brilliance {unknown}
 r - a potion of invisibility {unknown}
Books
 b - a book of Flames

   Spells                             Type                      Level
   a - Flame Tongue                   Conjuration/Fire             1
   b - Throw Flame                    Conjuration/Fire             2
   c - Conjure Flame                  Conjuration/Fire             3
   d - Inner Flame                    Hexes/Fire                   3
   e - Sticky Flame                   Conjuration/Fire             4
   f - Fireball                       Conjuration/Fire             5
Comestibles
 c - a bread ration
 f - a meat ration
 m - 2 fruits


   Skills:
 + Level 1.0 Fighting
 + Level 1.3 Short Blades
 + Level 3.4 Dodging
 + Level 3.6 Stealth
 + Level 5.3 Spellcasting
 + Level 3.8 Conjurations
 + Level 4.6 Fire Magic


You had 6 spell levels left.
You knew the following spells:

 Your Spells              Type           Power        Failure   Level  Hunger
a - Flame Tongue          Conj/Fire      ###..        1%          1    None
b - Conjure Flame         Conj/Fire      ###.....     4%          3    ##.....
c - Fireball              Conj/Fire      ###.......   43%         5    #####..


Dungeon Overview and Level Annotations

Branches:
Dungeon (4/15)
 Temple: D:4-7

Altars:
Elyvilon
Gozag
Makhleb
Vehumet


Message History

Aiming: Flame Tongue
Press: ? - help, Shift-Dir - straight line, f - gnoll
Aim: a gnoll, wielding a flail You miscast Flame Tongue.
Nothing appears to happen.
The gnoll misses you.
The gnoll hits you from afar with a spear!
The gnoll hits you but does no damage. The gnoll hits you with a flail.
Found a stone staircase leading up.
The gnoll hits you but does no damage. The centaur skeleton barely misses you.
The centaur skeleton barely misses you.
A leopard gecko comes into view.
As you read the scroll of teleportation, it crumbles to dust.
You feel strangely unstable. The centaur skeleton barely misses you.
The gnoll hits you from afar with a spear!
* * * LOW HITPOINT WARNING * * *
The centaur skeleton hits you!
* * * LOW HITPOINT WARNING * * *
The gnoll closely misses you.
The leopard gecko hisses angrily.
The centaur skeleton hits you.
You die...

##........ #...# .........# .P.
#.......# ... ........##### #.#
...........# #.# #.......#
##### ##.## ######.......#
###...###...###...##.......#
#.......†)_.....@Z.g.......####
#.#...###...###...#g......)...#
#.##### ##.## #####........##.#
..# #.# #..#.........# .##
##.## #.l...#...#... .######
#...# ......###.###..g ......#
#...# ........ ...# .## .####.#
#...# #.###... ._.. #
.####.####.## #..


You could see 2 gnolls and a centaur skeleton.

Vanquished Creatures
  Menkaure (D:4)
  A hound (D:4)
  2 orc wizards
  3 mummies (Ossuary)
  Robin (D:3)
  5 gnolls (D:4)
  4 adders
  2 worms (D:2)
  4 dart slugs
  6 leopard geckos
  3 orcs (D:3)
  2 giant cockroaches (D:2)
  14 goblins
  10 hobgoblins
  4 jackals
  2 quokkas (D:3)
  2 ball pythons
  7 bats
  3 frilled lizards
  A gnoll skeleton (Ossuary)
  4 goblin skeletons (Ossuary)
  5 goblin zombies (Ossuary)
  4 hobgoblin skeletons (Ossuary)
  A hobgoblin zombie (Ossuary)
  5 kobolds
  A kobold skeleton (Ossuary)
  2 kobold zombies (Ossuary)
  5 orc skeletons (Ossuary)
  2 orc zombies (Ossuary)
  2 quokka zombies (D:4)
  4 rats
  A rat skeleton (Ossuary)
  2 rat zombies (Ossuary)
  3 fungi (D:4)
118 creatures vanquished.

Vanquished Creatures (others)
  A mummy (Ossuary)
  2 gnoll zombies (Ossuary)
  A gnoll skeleton (Ossuary)
  A goblin skeleton (Ossuary)
  2 goblin zombies (Ossuary)
  4 hobgoblin skeletons (Ossuary)
  A kobold skeleton (Ossuary)
  2 kobold zombies (Ossuary)
  3 orc zombies (Ossuary)
  2 rat skeletons (Ossuary)
  4 rat zombies (Ossuary)
23 creatures vanquished.

Grand Total: 141 creatures vanquished

Notes
Turn   | Place    | Note
-------+----------+-------------------------------------------
     0 | D:1      | Ymberti the Deep Elf Fire Elementalist began the quest for the Orb.
     0 | D:1      | Reached XP level 1. HP: 10/10 MP: 6/6
   574 | D:1      | Reached XP level 2. HP: 13/15 MP: 4/8
  1043 | D:2      | Reached XP level 3. HP: 8/19 MP: 7/10
  1490 | D:3      | Reached XP level 4. HP: 24/24 MP: 9/11
  1491 | D:3      | Noticed Robin
  1749 | D:3      | Reached skill level 4 in Spellcasting
  1758 | D:3      | Killed Robin
  1968 | D:3      | Learned a level 1 spell: Flame Tongue
  1980 | D:3      | Learned a level 3 spell: Conjure Flame
  2025 | D:3      | Found a burning altar of Makhleb.
  2603 | D:3      | Reached XP level 5. HP: 16/28 MP: 3/13
  2706 | D:4      | Found a sand-covered staircase.
  2714 | Ossuary  | Entered an ossuary
  2734 | Ossuary  | Learned a level 5 spell: Fireball
  2738 | Ossuary  | Reached skill level 1 in Short Blades
  3263 | D:4      | Noticed Menkaure
  3265 | D:4      | Killed Menkaure
  3265 | D:4      | Reached skill level 5 in Spellcasting
  3265 | D:4      | Reached XP level 6. HP: 27/33 MP: 12/15
  3301 | D:4      | Reached skill level 1 in Fighting
  3304 | D:4      | Found an opulent altar of Gozag.
  3365 | D:4      | Found a white marble altar of Elyvilon.
  3458 | D:4      | Found a radiant altar of Vehumet.
  3486 | D:4      | HP: 1/34 [centaur skeleton (8)]
  3489 | D:4      | Slain by a centaur skeleton

Skill      XL: |  1  2  3  4  5  6 |
---------------+-------------------+-----
Dodging        | 3 |  3.4
Stealth        | 3 |  3.6
Fire Magic     | 4 |  4.6
Conjurations   | 2 3 |  3.8
Spellcasting   | 4 5 |  5.3
Short Blades   | 1 |  1.3
Fighting       | 1 |  1.0

Action                   |  1- 3 |  4- 6 || total
-------------------------+-------+-------++-------
Melee: Unarmed           |     6 |       ||     6
       Rapier            |    22 |    71 ||    93
 Cast: Flame Tongue      |    52 |   131 ||   183
       Conjure Flame     |       |     2 ||     2
  Use: Scroll            |     7 |     5 ||    12
       Potion            |     2 |     1 ||     3
 Stab: Sleeping          |     3 |     1 ||     4
  Eat: Bread ration      |     1 |     1 ||     2
Armor: Robe              |    17 |    11 ||    28
Dodge: Dodged            |    49 |    70 ||   119
